cohdb
Replays
Latest Replays
All Replays
Popular Replays
Top Player Replays
Match Explorer
How It Works
Community
CoH3 Stats
Reddit
Sign in to upload your games and track your stats! →
Sign in with Steam
Match 38780315
Unlisted
Match 38780315
Overview
Messages
Build Orders
End
Selects Airborne Battlegroup
Selects Pathfinders
Engineer Squad
Construct Barracks
Riflemen Squad
Riflemen Squad
Infantry Support Center
Construct Weapon Support Center
Selects Paratrooper Squad Paradrop
M3 Armored Personnel Carrier
Construct Medical Station
Riflemen Squad
Advanced Logistics
M1918 Browning Automatic Rifles
M1 Mortar Team
Survival Training
Sniper
Grenade Package
Selects Recon Loiter
Selects Supply Drop
Recon Loiter
Construct Tank Depot
M18 Hellcat Tank Destroyer
Alfonso
KevinTDW
0
0
Comments
sign in to comment!
No comments posted yet!